AoeStats
← Hendrix

Arabia

510077039Analyzed
1v1 RM · 2d ago on Sep 29, 2026· 32m 2s· 2 players
Game mode
Random Map
Map size
Tiny (2 player)
Population
200
Speed
Normal
Resources
Standard
Victory
Conquest
Starting age
Dark Age
Ending age
Imperial Age
RankedLock teamsTeams togetherTeam positionsShared explorationLock speedFull tech treeHidden civsTurbo modeCheats
Victory
Defeat
🇳🇴 Persians · Norway
530
+14
🇫🇷 Bulgarians · France
485
-14
Hendrix
1:17 Loom
12:10 Feudal Age
12:17 Man-at-Arms
12:42 Arson
13:44 Man-at-Arms
18:14 Double-Bit Axe
18:11 Horse Collar
19:33 Scale Mail Armor
24:38 Castle Age
24:01 Forging
24:58 Town Watch
26:07 Long Swordsman
26:49 Squires
31:58 Gambesons
Akéron
4:38 Loom
9:27 Feudal Age
16:09 Double-Bit Axe
19:19 Scale Mail Armor
19:45 Arson
24:48 Castle Age
27:22 Forging
Connection lost

Rejoining the realm…

Still unreachable

The connection could not be restored.

Session expired

The server has moved on; the page needs a fresh start.